 Dungeon Crawl Stone Soup version 0.23.1 (webtiles) character file.

Game seed: 12167725011923719649

199 Borgoz the Ducker (level 5, -2/41 HPs)
             Began as a Ghoul Enchanter on Mar 3, 2019.
             Slain by an orc (3 damage)
             ... on level 3 of the Dungeon.
             The game lasted 00:05:41 (2631 turns).

Borgoz the Ducker (Ghoul Enchanter)                 Turns: 2631, Time: 00:05:42

Health: -2/41      AC:  3    Str: 12    XL:     5   Next: 77%
Magic:  6/6        EV: 12    Int: 10    God:
Gold:   205        SH:  0    Dex: 10    Spells: 6/7 levels left

rFire    . . .     SeeInvis .   e - +0 dagger (drain)
rCold    + . .     Gourm    .   (no shield)
rNeg     + + +     Faith    .   l - +0 leather armour (curse)
rPois    ∞         Spirit   .   (no helmet)
rElec    .         Reflect  .   (no cloak)
rCorr    .         Harm     .   (no gloves)
MR       .....                  (no boots)
Stlth    ++........             (no amulet)
HPRegen  0.00/turn              (no ring)
MPRegen  0.10/turn              (no ring)

@: flying, rotting
A: rotting body, claws 1, carnivore, cold resistance 1, negative energy
resistance 3, inhibited regeneration, torment resistance, unbreathing
a: no special abilities


You were on level 3 of the Dungeon.
You were not hungry.

You visited 1 branch of the dungeon, and saw 3 of its levels.

You collected 205 gold pieces.

Inventory:

Hand Weapons
 e - a +0 dagger of draining (weapon)
Missiles
 b - 9 poisoned needles
Armour
 c - a +0 ring mail of cold resistance
 l - a cursed +0 leather armour (worn)
 s - a +0 cloak
Jewellery
 o - a +6 ring of intelligence {unknown}
 r - a +5 ring of protection {unknown}
Scrolls
 g - 4 scrolls of remove curse {unknown}
 h - a scroll of random uselessness {unknown}
 i - 6 scrolls of identify {unknown}
 j - 3 scrolls of teleportation {unknown}
 k - a scroll of immolation {unknown}
 m - a scroll of fog {unknown}
 n - a scroll of amnesia {unknown}
Potions
 a - a potion of curing {unknown}
 f - a potion of flight
 p - a potion of berserk rage {unknown}
 q - a potion of ambrosia {unknown}
Comestibles
 d - 5 rations


   Skills:
 + Level 2.1 Fighting
 * Level 2.9 Short Blades
 + Level 1.6 Armour
 * Level 3.3 Dodging
 - Level 3.2 Stealth
 - Level 1.7 Spellcasting
 - Level 2.4 Hexes


You had 6 spell levels left.
You knew the following spells:

 Your Spells              Type           Power        Failure   Level  Hunger
a - Corona                Hex            #......      16%         1    ##.....

Your spell library contained the following spells:

 Spells                   Type           Power        Failure   Level  Hunger
 Ensorcelled Hibernation  Hex/Ice        #.....       36%         2    ###....
 Confuse                  Hex            #.......     41%         3    ####...
 Tukima's Dance           Hex            #.......     41%         3    ####...
 Dazzling Spray           Conj/Hex       #.....       58%         3    ####...


Dungeon Overview and Level Annotations

Branches:
Dungeon (3/15)

Altars:
Gozag
Makhleb
Nemelex Xobeh
Trog


Innate Abilities, Weirdness & Mutations

Your body is rotting away.
You thrive on raw meat.
You are immune to poison.
You have sharp fingernails.
You are carnivorous and can eat meat at any time.
Your flesh is cold resistant. (rC+)
You are immune to negative energy. (rN+++)
You do not regenerate when monsters are visible.
You are immune to unholy pain and torment.
You can survive without breathing.


Message History

The orc priest is lightly wounded.
The orc hits you. The orc priest misses you. The orc closely misses you.
You hit the orc priest but do no damage.
You drain the orc priest.
The orc priest is heavily wounded.
The orc hits you.
The orc priest looks encouraged for a moment.
The orc priest invokes the aid of Beogh against you.
Beogh smites you!
* * * LOW HITPOINT WARNING * * *
You hit the orc priest but do no damage.
You drain the orc priest.
The orc priest is heavily wounded.
The orc closely misses you. The orc barely misses you.
It was a potion of flight.
You feel very buoyant.
You fly up into the air.
The orc priest hits you but does no damage.
The orc hits you but does no damage. The orc hits you.
You die...

.........# ..........
# .........# .#
.........# .#
.......##.####.
.....#....... ....
.######.#.#.......
....
......ooo(........
.... ####.#@#<#.......
.g..
............(...#. ..
#####.#......##.#
...........#.#
###.#######.#.#
###.#####<#.#.########
..........g....gg....†
.........#(#.########
###.#######.#.# ....


You could see an orc priest and 2 orcs.

Vanquished Creatures
  An orc priest (D:3)
  4 gnolls
  5 adders
  An ooze (D:3)
  A worm (D:3)
  3 dart slugs
  2 leopard geckos
  7 orcs (D:3)
  11 bats
  2 giant cockroaches
  6 hobgoblins
  6 jackals
  2 frilled lizards (D:2)
  8 goblins
  3 kobolds
  6 rats
68 creatures vanquished.

Notes
Turn   | Place    | Note
-------+----------+-------------------------------------------
     0 | D:1      | Borgoz the Ghoul Enchanter began the quest for the Orb.
     0 | D:1      | Reached XP level 1. HP: 14/14 MP: 2/2
    30 | D:1      | Reached skill level 1 in Short Blades
   396 | D:1      | Reached XP level 2. HP: 14/22 MP: 3/3
  1106 | D:2      | Reached skill level 1 in Fighting
  1115 | D:2      | Reached XP level 3. HP: 28/28 MP: 4/4
  1429 | D:2      | Reached skill level 1 in Armour
  1436 | D:2      | Reached XP level 4. HP: 27/35 MP: 5/5
  1625 | D:3      | Found a sparkling altar of Nemelex Xobeh.
  1626 | D:3      | Found a burning altar of Makhleb.
  1626 | D:3      | Found an opulent altar of Gozag.
  1653 | D:3      | Found a bloodstained altar of Trog.
  1672 | D:3      | Reached XP level 5. HP: 37/41 MP: 6/6
  2629 | D:3      | HP: 1/41 [orc priest/divine providence (16)]
  2631 | D:3      | Slain by an orc

Skill      XL: |  1  2  3  4  5 |
---------------+----------------+-----
Short Blades   | 1 2 |  2.9
Dodging        | 2 3 |  3.3
Fighting       | 1 2 |  2.1
Armour         | 1 |  1.6
Stealth        | |  3.2
Spellcasting   | |  1.7
Hexes          | |  2.4

Action                   |  1- 3 |  4- 6 || total
-------------------------+-------+-------++-------
Melee: Dagger            |   116 |   185 ||   301
  Use: Potion            |       |     1 ||     1
 Stab: Sleeping          |     4 |     1 ||     5
  Eat: Chunk             |     6 |    11 ||    17
Armor: Robe              |    12 |       ||    12
       Leather armour    |    25 |    54 ||    79
Dodge: Dodged            |    68 |   136 ||   204
